 Dungeon Crawl Stone Soup version 0.31-a0-1447-g87ca8d402b (webtiles) character file.

Game seed: 120244512835971251

842 pokeman the Thaumaturge (level 7, -2/39 HPs)
             Began as a Deep Elf Hedge Wizard on Dec 28, 2023.
             Was a Follower of Vehumet.
             Killed from afar by an orc wizard (9 damage)
             ... with a puff of flame
             ... on level 5 of the Dungeon.
             The game lasted 00:11:36 (5235 turns).

pokeman the Thaumaturge (Deep Elf Hedge Wizard)     Turns: 5235, Time: 00:11:37

Health: -2/39      AC:  3    Str:  7    XL:     7   Next: 67%
Magic:  11/21      EV: 13    Int: 21    God:    Vehumet [*.....]
Gold:   171        SH:  0    Dex: 14    Spells: 11/23 levels left

rFire   . . .        u - +0 dagger (freeze)
rCold   . . .        (no shield)
rNeg    + . .        b - +0 robe
rPois   .            w - +0 helmet
rElec   .            (no cloak)
rCorr   .            (no gloves)
SInv    +            (no boots)
Will    .....        (no amulet)
Stlth   ++           e - ring of willpower
HPRegen 0.26/turn    a - ring of Creativity {Fly rN+ Will- SInv}
MPRegen 0.17/turn

%: no passive effects
@: flying
A: no striking features
a: Renounce Religion


You were on level 5 of the Dungeon.
You worshipped Vehumet.
Vehumet was aware of your devotion.
You visited 2 branches of the dungeon, and saw 6 of its levels.

You collected 171 gold pieces.

Inventory:

Hand Weapons
 u - a +0 dagger of freezing (weapon)
Armour
 b - a +0 robe (worn)
 o - a +0 kite shield
 w - a +0 helmet (worn)
Magical Staves
 i - a staff of air
Jewellery
 a - the ring of Creativity (right hand) {Fly rN+ Will- SInv}
   (You found it on level 4 of the Dungeon)

   [ring of flight]

   rN+:       It protects you from negative energy.
   Will-:     It decreases your willpower.
   SInv:      It lets you see invisible.
   Fly:       It grants you flight.
 e - a ring of willpower (left hand)
 f - an amulet of faith
 r - a ring of ice
 s - an amulet of guardian spirit
Scrolls
 c - a scroll of enchant weapon {unknown}
 h - 4 scrolls of identify {unknown}
 j - 3 scrolls of blinking {unknown}
 l - 2 scrolls of teleportation {unknown}
 m - a scroll of fog {unknown}
 t - a scroll of poison {unknown}
Potions
 d - a potion of magic
 g - 2 potions of curing {unknown}
 k - a potion of brilliance {unknown}
 n - a potion of haste {unknown}
 p - a potion of attraction {unknown}
 q - 2 potions of invisibility {unknown}
 v - a potion of degeneration {unknown}


   Skills:
 - Level 1.6 Fighting
 + Level 1.6 Armour
 - Level 3.0 Dodging
 - Level 3.0 Stealth
 - Level 2.0 Shields
 * Level 8.5 Spellcasting
 + Level 4.2 Conjurations
 - Level 1.1 Summonings
 - Level 1.1 Translocations
 - Level 1.0 Air Magic
 - Level 1.1 Alchemy
 - Level 1.1 Evocations


You had 11 spell levels left.
You knew the following spells:

 Your Spells              Type           Power      Damage    Failure   Level
a - Magic Dart            Conj           100%       1d8       1%          1
b - Mephitic Cloud        Conj/Alch/Air  17%        N/A       10%         3
c - Call Imp              Summ           26%        N/A       8%          2
d - Blink                 Tloc           26%        N/A       8%          2
e - Iskenderun's Mystic   Conj/Tloc      20%        2d6       26%         4

Your spell library contained the following spells:

 Spells                   Type           Power      Damage    Failure   Level
 Sting                    Conj/Alch      80%        1d8       2%          1
 Kiss of Death            Conj/Necr      68%        2d10      3%          1
 Slow                     Hex            32%        N/A       8%          1
 Cigotuvi's Dreadful Rot  Necr/Alch/Air  22%        N/A       9%          2
 Volatile Blastmotes      Fire/Tloc      22%        2d11      19%         3
 Confusing Touch          Hex            8%         N/A       22%         3
 Fulminant Prism          Conj/Alch      10%        3d9       26%         4
 Dispel Undead            Necr           8%         3d8       58%         4


Dungeon Overview and Level Annotations

Branches:
Dungeon (5/15)             Temple (1/1) D:4

Altars:
Ashenzari
Cheibriados
Dithmenos
Elyvilon
Fedhas
Gozag
Hepliaklqana
Kikubaaqudgha
Makhleb
Nemelex Xobeh
Okawaru
Qazlal
Ru
Sif Muna
Trog
Uskayaw
Vehumet
Wu Jian
Xom
Yredelemnul
Zin
The Shining One

Annotations:
D:5 Pikel


Message History

Confirm with . or Enter, or press ? or * to list all spells.
Aiming: Magic Dart (safe; 1% risk of failure)
Press: ? - help, Shift-Dir - straight line, f - orc
Aim: an orc, wielding a +0 mace (100% to hit)
The magic dart hits the orc.
The orc is lightly wounded.
Casting: Magic Dart (safe; 1% risk of failure)
Confirm with . or Enter, or press ? or * to list all spells.
Aiming: Magic Dart (safe; 1% risk of failure)
Press: ? - help, Shift-Dir - straight line, f/p - orc
Aim: an orc, wielding a +0 mace (lightly wounded, 100% to hit)
The magic dart hits the orc.
The orc is moderately wounded.
An orc wizard comes into view. It is wielding a +0 dagger.
Casting: Magic Dart (safe; 1% risk of failure)
Confirm with . or Enter, or press ? or * to list all spells.
Aiming: Magic Dart (safe; 1% risk of failure)
Press: ? - help, Shift-Dir - straight line, f/p - orc
Aim: an orc, wielding a +0 mace (moderately wounded, 100% to hit)
The magic dart hits the orc!
You kill the orc!
Vehumet accepts your kill.
Casting: Magic Dart (safe; 1% risk of failure)
Confirm with . or Enter, or press ? or * to list all spells.
Aiming: Magic Dart (safe; 1% risk of failure)
Press: ? - help, Shift-Dir - straight line, f - orc wizard
Aim: an orc wizard, wielding a +0 dagger and wearing a +0 robe (100% to hit)
The magic dart hits the orc wizard.
The orc wizard is lightly wounded.
The orc wizard points at you and mumbles some strange words.
The magic dart hits you!
* * * LOW HITPOINT WARNING * * *
As you close the door, it creaks loudly!
Casting: Magic Dart (safe; 1% risk of failure)
Confirm with . or Enter, or press ? or * to list all spells.
A tiny devil pulls itself out of the air.
Your cerulean imp hits the orc wizard but does no damage.
The orc wizard gestures at you while chanting.
The puff of flame hits you!
You die...

#....# #...'##
#.###o♣♣♣♣♣♣♣♣
#♣..!..... ###
♣.5####⌠. ... ♣.##
# .## ♣.# # ... ...
♣.# # #.# #.. ♣@##
# #.# #.# ♣.⌠####⌠.
# #o#
###.##♣........ #
#.# #....#.♣♣♣♣♣♣♣♣
#
#o###.#..'########
#
#5##......)......#
# #
#.##$.#.#.########
#
#.##.##......####.
#........)........#


You could see an orc wizard (ally target) and a friendly cerulean imp
(summoned).

Vanquished Creatures
  Sigmund (D:2)
  A water moccasin (D:5)
  A black bear (D:4)
  A lemure (D:4)
  A phantom (D:5)
  2 hounds
  2 orc priests
  2 iguanas (D:4)
  Robin (D:4)
  8 adders
  A worm (D:3)
  3 dart slugs
  4 orcs
  2 bats
  7 endoplasms
  3 giant cockroaches
  23 goblins
  8 hobgoblins
  8 jackals
  3 kobolds
  A quokka (D:3)
  3 ball pythons
  2 frilled lizards (D:3)
  6 rats
94 creatures vanquished.

Vanquished Creatures (collateral kills)
  A bombardier beetle (D:5)
  An orc priest (D:5)
  2 orcs (D:3)
4 creatures vanquished.

Grand Total: 98 creatures vanquished

Notes
Turn   | Place    | Note
-------+----------+-------------------------------------------
     0 | D:1      | pokeman the Deep Elf Hedge Wizard began the quest for the
                  | Orb.
     0 | D:1      | Reached XP level 1. HP: 10/10 MP: 7/7
   395 | D:1      | Reached XP level 2. HP: 12/16 MP: 4/9
   741 | D:1      | Reached skill level 5 in Spellcasting
  1245 | D:2      | Reached XP level 3. HP: 20/20 MP: 6/11
  1249 | D:2      | Learned a level 3 spell: Mephitic Cloud
  1252 | D:2      | Learned a level 2 spell: Call Imp
  1255 | D:2      | Learned a level 2 spell: Blink
  1395 | D:2      | Found a shimmering altar of Xom.
  1399 | D:2      | Noticed Sigmund
  1578 | D:2      | Killed Sigmund
  1579 | D:2      | Reached skill level 1 in Fighting
  1579 | D:2      | Reached skill level 1 in Armour
  1579 | D:2      | Reached skill level 6 in Spellcasting
  1579 | D:2      | Reached XP level 4. HP: 22/26 MP: 4/14
  1579 | D:2      | Reached XP level 5. HP: 26/30 MP: 4/15
  2117 | D:2      | Found a faded altar of an unknown god.
  2956 | D:3      | Found an iron altar of Okawaru.
  3178 | D:3      | Reached XP level 6. HP: 31/35 MP: 13/17
  3765 | D:4      | Found a staircase to the Ecumenical Temple.
  3783 | Temple   | Found a transporter.
  3783 | Temple   | Found a transporter.
  3783 | Temple   | Found a transporter.
  3783 | Temple   | Found a transporter.
  3783 | Temple   | Entered the Ecumenical Temple
  3840 | Temple   | Became a worshipper of Vehumet
  3890 | D:4      | Reached skill level 7 in Spellcasting
  3998 | D:4      | Found a white marble altar of Elyvilon.
  3999 | D:4      | Found a hide-covered altar of Uskayaw.
  4284 | D:4      | Reached skill level 1 in Air Magic
  4284 | D:4      | Reached skill level 1 in Alchemy
  4284 | D:4      | Reached skill level 1 in Evocations
  4356 | D:4      | Identified the ring of Creativity {Fly rN+ Will- SInv}
  4456 | D:4      | Reached XP level 7. HP: 37/39 MP: 16/19
  4479 | D:4      | Learned a level 4 spell: Iskenderun's Mystic Blast
  4484 | D:4      | Reached skill level 1 in Shields
  4659 | D:4      | Noticed Robin
  4672 | D:4      | Reached * piety under Vehumet
  4672 | D:4      | Offered knowledge of Sting by Vehumet.
  4680 | D:4      | Killed Robin
  4929 | D:5      | Entered Level 5 of the Dungeon
  4929 | D:5      | Noticed Pikel
  5157 | D:5      | Reached skill level 8 in Spellcasting
  5235 | D:5      | Killed from afar by an orc wizard

Illustrated notes

Levels and vault maps discovered:
D:1:      minmay_arrival_shattered_statue, layout_basic, nicolae_the_louvre
D:2:      layout_basic, serial_curves, eino_curves_03, eino_curves_03,
          basic_altar, hellmonk_ecumenical_altar_lost_god, bh_walls_and_bars,
          uniq_sigmund
D:3:      layout_loops_ring, general_overflow_altar, corner_web_ring
D:4:      kennysheep_goblin_castle, layout_loops_ring,
          chequers_temple_overflow_statue_of_worship,
          minmay_temple_entry_proselytizer
D:5:      layout_loops_ring, enter_ossuary_2, chequers_serial_rivers_room_a,
          kennysheep_pointless_box, nicolae_houndstooth_variations, uniq_pikel
Temple:   hellmonk_temple_divided_pantheon

Skill      XL: |  1  2  3  4  5  6  7 |
---------------+----------------------+-----
Spellcasting   | 5 6 7 8 |  8.5
Fighting       | 1 |  1.6
Armour         | 1 |  1.6
Conjurations   | 2 3 4 |  4.2
Dodging        | 3 |  3.0
Stealth        | 3 |  3.0
Air Magic      | 1 |  1.0
Alchemy        | 1 |  1.1
Evocations     | 1 |  1.1
Shields        | 2 |  2.0
Summonings     | |  1.1
Translocations | |  1.1

Action                     |  1- 3 |  4- 6 |  7- 9 || total
---------------------------+-------+-------+-------++-------
  Melee: Dagger            |    26 |    46 |    35 ||   107
         Punch             |       |     1 |       ||     1
   Cast: Magic Dart        |    60 |   130 |    54 ||   244
         Call Imp          |     3 |     1 |     6 ||    10
         Mephitic Cloud    |     2 |     6 |     7 ||    15
         Blink             |       |       |     3 ||     3
   Stab: Confused          |     1 |     3 |     4 ||     8
 Armour: Robe              |    23 |    24 |    35 ||    82
  Dodge: Dodged            |    38 |    35 |    34 ||   107

Table legend: (Time is in decaauts)
 A = Elapsed time spent in this place.
 B = Non-inter-level travel time spent in this place.
 C = Inter-level travel time spent in this place.
 D = Time resting spent in this place.
 E = Time spent auto-exploring this place.
 F = Levels seen in this place.
 G = Mean time per level.
                   A        B        C        D        E       F      G
               +--------+--------+--------+--------+--------+-----+--------+
         Total |   5235 |   5130 |    105 |    142 |   4074 |   6 |  872.5 |
       Dungeon |   5160 |   5089 |     71 |    142 |   4074 |   5 | 1032.0 |
        Temple |     74 |     40 |     34 |      0 |      0 |   1 |   74.0 |
               +--------+--------+--------+--------+--------+-----+--------+

Top non-repeatable levels by time:
     D:4: 1455 daAuts
     D:1: 1221 daAuts
     D:2: 1146 daAuts
     D:3: 1090 daAuts
     D:5: 247 daAuts
  Temple: 74 daAuts
